[Event "ICC tourney 2482 (75 10)"]
[Site "Internet Chess Club"]
[Date "2021.03.28"]
[Round "5"]
[White "KRISHNAKUMAR, SRIRAM:sriramk"]
[Black "RAJANISH, ADHVAITH:Adhvaith0406"]
[Result "1-0"]
[ICCResult "Black resigns"]
[WhiteElo "2165"]
[BlackElo "2036"]
[Opening "Scotch: Mieses variation"]
[ECO "C45"]
[NIC "SO.04"]
[Time "15:31:25"]
[PlyCount "75"]
[TimeControl "4500+10"]

1. e4 e5 2. Nf3 Nc6 3. d4 exd4 4. Nxd4 Nf6 5. Nxc6 bxc6 6. e5 Qe7 7. Qe2
Nd5 8. h4 d6 9. c4 Nb6 10. exd6 Qxe2+ 11. Bxe2 cxd6 12. b3 d5 13. cxd5 Bb4+
14. Bd2 Bxd2+ 15. Nxd2 cxd5 16. O-O O-O 17. Rfd1 Bf5 18. Nf3 Rfe8 19. Nd4
Bd7 20. Bf3 Rac8 21. Rac1 Be6 22. Nb5 Rxc1 23. Rxc1 Rc8 24. Rxc8+ Nxc8 25.
Kf1 Kf8 26. Ke2 Ke7 27. Ke3 Nd6 28. Nxd6 Kxd6 29. Kd4 f6 30. b4 Bf7 31. a4
Be6 32. a5 Bf7 33. g3 Be6 34. b5 Bd7 35. Be2 Be8 36. b6 axb6 37. axb6 Kc6
38. Bb5+ { Black resigns } 1-0

[Event "ICC tourney 2482 (75 10)"]
[Site "Internet Chess Club"]
[Date "2021.03.28"]
[Round "5"]
[White "VAKHIDOV, JAKHONGIR:TjkTiger"]
[Black "SHEEHAN, ETHAN THOMAS:Chessking2008"]
[Result "1-0"]
[ICCResult "Black checkmated"]
[WhiteElo "2610"]
[BlackElo "2196"]
[Opening "King's Indian: fianchetto, Uhlmann (Szabo) variation"]
[ECO "E62"]
[NIC "KI.72"]
[Time "15:32:14"]
[PlyCount "97"]
[TimeControl "4500+10"]

1. c4 Nf6 2. Nc3 g6 3. g3 Bg7 4. Bg2 O-O 5. d4 d6 6. Nf3 Nc6 7. O-O e5 8.
dxe5 dxe5 9. Bg5 Be6 10. Nd2 h6 11. Bxf6 Bxf6 12. Nde4 Be7 13. Qc1 Kg7 14.
Rd1 Qc8 15. Nd5 Bxd5 16. cxd5 Nd4 17. Qc4 b5 18. Qd3 f5 19. Nd2 Bf6 20. e3
e4 21. Qb1 Ne2+ 22. Kf1 Nc3 23. bxc3 Bxc3 24. Qxb5 Rb8 25. Qc4 Bxa1 26.
Rxa1 Qd7 27. Nb3 Rfd8 28. Rc1 Qxd5 29. Qxc7+ Kg8 30. Kg1 Rb7 31. Qc3 Qf7
32. Bf1 Qg7 33. Nd4 Rdb8 34. Bc4+ Kh7 35. Bb3 Rd8 36. Qa5 Re8 37. h4 Re5
38. Qd8 Rd7 39. Qb8 Rb7 40. Qc8 Rbe7 41. Ne6 Qh8 42. Nf8+ Kg7 43. Rc6 Re8
44. Qd7+ R8e7 45. Rxg6+ Kxf8 46. Qd8+ Re8 47. Qd6+ R5e7 48. Qf6+ Qxf6 49.
Rg8# { Black checkmated } 1-0

[Event "ICC tourney 2482 (75 10)"]
[Site "Internet Chess Club"]
[Date "2021.03.28"]
[Round "5"]
[White "PANG, ASHLEY:redhawk2020"]
[Black "CAO, TIMOTHY:tcao"]
[Result "1/2-1/2"]
[ICCResult "Game drawn by mutual agreement"]
[WhiteElo "1955"]
[BlackElo "2067"]
[Opening "French: King's Indian attack"]
[ECO "C00"]
[NIC "FR.02"]
[Time "15:31:33"]
[PlyCount "54"]
[TimeControl "4500+10"]

1. e4 e6 2. d3 d5 3. Nd2 c5 4. Ngf3 Nc6 5. g3 Nf6 6. Bg2 dxe4 7. dxe4 Be7
8. O-O O-O 9. Qe2 Qc7 10. Nb3 a6 11. c3 b5 12. Qc2 e5 13. Bg5 c4 14. Nbd2
Bb7 15. Rfd1 Rfd8 16. Bxf6 Bxf6 17. Nf1 a5 18. Ne3 Ne7 19. Ng4 b4 20. Nxf6+
gxf6 21. Nd2 bxc3 22. Qxc3 Rd3 23. Qc2 Rad8 24. Nf1 Rxd1 25. Rxd1 Rxd1 26.
Qxd1 Nc6 27. Ne3 Nd4 { Game drawn by mutual agreement } 1/2-1/2

[Event "ICC tourney 2482 (75 10)"]
[Site "Internet Chess Club"]
[Date "2021.03.28"]
[Round "5"]
[White "JOSEPH BENHER, SAVIO Bennihyn:savchess06"]
[Black "ZHOU, CHELSEA:pawnpush202044"]
[Result "0-1"]
[ICCResult "White resigns"]
[WhiteElo "2096"]
[BlackElo "1875"]
[Opening "Sicilian: Najdorf, Byrne (English) attack"]
[ECO "B90"]
[NIC "SI.14"]
[Time "15:32:01"]
[PlyCount "60"]
[TimeControl "4500+10"]

1. e4 c5 2. Nf3 d6 3. d4 cxd4 4. Nxd4 Nf6 5. Nc3 a6 6. Be3 e5 7. Nb3 Be7 8.
Qd2 Be6 9. f4 Qc7 10. f5 Bd7 11. O-O-O b5 12. a3 Bc6 13. Nd5 Bxd5 14. exd5
Nbd7 15. Be2 Rc8 16. c3 Nb6 17. Bxb6 Qxb6 18. Rhe1 Ne4 19. Qc2 Bg5+ 20. Kb1
Nf2 21. f6 Nxd1 22. Qf5 Nxc3+ 23. bxc3 Rxc3 24. Kb2 Rxb3+ 25. Kxb3 Bxf6 26.
Qc8+ Bd8 27. Bd3 O-O 28. Qd7 Qd4 29. Be4 Ba5 30. Re2 Qc4+ { White resigns }
0-1

[Event "ICC tourney 2482 (75 10)"]
[Site "Internet Chess Club"]
[Date "2021.03.28"]
[Round "5"]
[White "Kodarapu, Ishaan:pika0008"]
[Black "ZHANG, SAMUEL:lmperatorX"]
[Result "1-0"]
[ICCResult "Black resigns"]
[WhiteElo "1965"]
[BlackElo "2113"]
[Opening "English opening"]
[ECO "A05"]
[NIC "QP.11"]
[Time "15:31:37"]
[PlyCount "59"]
[TimeControl "4500+10"]

1. Nf3 Nf6 2. c4 e6 3. e3 d5 4. b3 Be7 5. Bb2 O-O 6. Be2 b6 7. O-O Bb7 8.
d4 c5 9. Nbd2 Nbd7 10. cxd5 Bxd5 11. Nc4 Qc7 12. Rc1 Qb7 13. Qd2 Rac8 14.
Rfd1 Rfd8 15. dxc5 Nxc5 16. Qe1 Be4 17. Rxd8+ Rxd8 18. Ng5 Nd3 19. Bxd3
Bxd3 20. Ne5 Bg6 21. Nc6 Re8 22. Nxe7+ Qxe7 23. Be5 Nd5 24. Nf3 Qa3 25. Qd2
Qa6 26. h3 h6 27. Nh4 Bh7 28. e4 Bxe4 29. Rc4 f5 30. Rc7 { Black resigns }
1-0

[Event "ICC tourney 2482 (75 10)"]
[Site "Internet Chess Club"]
[Date "2021.03.28"]
[Round "5"]
[White "Massick, Laine:Laine23"]
[Black "MOU, IRIS:MagicStar"]
[Result "1-0"]
[ICCResult "Black resigns"]
[WhiteElo "1935"]
[BlackElo "2008"]
[Opening "French: exchange variation"]
[ECO "C01"]
[NIC "FR.01"]
[Time "15:31:19"]
[PlyCount "83"]
[TimeControl "4500+10"]

1. e4 e6 2. d4 d5 3. exd5 exd5 4. Bd3 Nc6 5. c3 Bd6 6. h3 Nge7 7. Nf3 Bf5
8. O-O Qd7 9. Re1 f6 10. Na3 O-O-O 11. Nb5 g5 12. Nxd6+ Qxd6 13. b4 Rde8
14. b5 Nd8 15. Rxe7 Qxe7 16. Bxf5+ Kb8 17. Qd3 h5 18. Bd2 Nf7 19. a4 Nd6
20. Re1 Qd8 21. Rxe8 Qxe8 22. Nh2 Qe7 23. Nf1 Nc4 24. Bc1 Qd6 25. Nd2 Re8
26. Nf3 a6 27. bxa6 Qxa6 28. Bg6 Rh8 29. Qc2 Nb6 30. h4 g4 31. Nd2 Nxa4 32.
Nb3 Qc6 33. Bd2 Nb6 34. Nc5 Nc4 35. Bf4 Nd6 36. Bxd6 Qxd6 37. Qf5 b6 38.
Na6+ Kb7 39. Nb4 c6 40. Bxh5 g3 41. fxg3 Rg8 42. Qh7+ { Black resigns } 1-0

[Event "ICC tourney 2482 (75 10)"]
[Site "Internet Chess Club"]
[Date "2021.03.28"]
[Round "5"]
[White "OTAWA, YUTO:hidedozyo"]
[Black "QUIRKE, JEFFREY L:PawnEatingZombi"]
[Result "1-0"]
[ICCResult "Black resigns"]
[WhiteElo "2327"]
[BlackElo "2200"]
[Opening "QGD: 3.Nc3"]
[ECO "D31"]
[NIC "QP.08"]
[Time "15:31:28"]
[PlyCount "49"]
[TimeControl "4500+10"]

1. d4 d5 2. c4 e6 3. Nc3 Bb4 4. cxd5 exd5 5. Bf4 c6 6. e3 Ne7 7. Nf3 O-O 8.
Qb3 a5 9. Bd3 Bf5 10. Bxf5 Nxf5 11. a3 Bxc3+ 12. bxc3 Nd6 13. O-O Na6 14.
a4 Nc7 15. Rfb1 Ne6 16. Bg3 Ra7 17. Nd2 f5 18. Bxd6 Qxd6 19. c4 f4 20. cxd5
cxd5 21. Qb6 Qxb6 22. Rxb6 fxe3 23. fxe3 Kf7 24. Rf1+ Ke7 25. Rxe6+ { Black
resigns } 1-0

[Event "ICC tourney 2482 (75 10)"]
[Site "Internet Chess Club"]
[Date "2021.03.28"]
[Round "5"]
[White "JORAJURIA MENDOZA, ALGOL:AJM04"]
[Black "GUILLEMETTE, HUGO:Heliosis"]
[Result "1-0"]
[ICCResult "Black resigns"]
[WhiteElo "2050"]
[BlackElo "1915"]
[Opening "Ruy Lopez: 5.O-O"]
[ECO "C78"]
[NIC "RL.12"]
[Time "15:31:40"]
[PlyCount "85"]
[TimeControl "4500+10"]

1. e4 e5 2. Nf3 Nc6 3. Bb5 a6 4. Ba4 Nf6 5. O-O b5 6. Bb3 Bc5 7. a4 Rb8 8.
Nxe5 Nxe5 9. d4 Bxd4 10. Qxd4 d6 11. f3 c5 12. Qf2 c4 13. Ba2 O-O 14. Bf4
Be6 15. Rd1 Qc7 16. Nc3 b4 17. Ne2 Qe7 18. Nd4 Rfc8 19. Bb1 Nfd7 20. Qg3
Kh8 21. h3 f6 22. c3 b3 23. Be3 Nc5 24. f4 Ned3 25. Bxd3 Nxd3 26. Rd2 Bd7
27. e5 dxe5 28. fxe5 fxe5 29. Nf3 e4 30. Nd4 Rf8 31. Bg5 Qf7 32. Re2 Rbe8
33. Be3 Re5 34. Rd2 Ra5 35. Qd6 Rxa4 36. Rxa4 Bxa4 37. Qxa6 Qf1+ 38. Kh2
Qe1 39. Re2 Qa1 40. Ne6 Rg8 41. Bd4 Qf1 42. Nxg7 Qf4+ 43. g3 { Black
resigns } 1-0

[Event "ICC tourney 2482 (75 10)"]
[Site "Internet Chess Club"]
[Date "2021.03.28"]
[Round "5"]
[White "KUDRIN, SERGEY:analyst1"]
[Black "CHEN, JUSTIN:justinchess"]
[Result "1/2-1/2"]
[ICCResult "Game drawn by mutual agreement"]
[WhiteElo "2479"]
[BlackElo "2370"]
[Opening "Caro-Kann defense"]
[ECO "B10"]
[NIC "CK.01"]
[Time "15:31:29"]
[PlyCount "54"]
[TimeControl "4500+10"]

1. e4 c6 2. Nf3 d5 3. exd5 cxd5 4. Ne5 Nf6 5. d4 Nc6 6. c3 Nd7 7. Nxd7 Bxd7
8. Bd3 Qc8 9. Qf3 Nb4 10. O-O Nxd3 11. Qxd3 Bf5 12. Qg3 e6 13. Re1 f6 14.
h4 Kf7 15. Bf4 Qc6 16. Nd2 Be7 17. Nf1 Rac8 18. Qe3 h5 19. Ng3 Bg6 20. Re2
Qa6 21. Qf3 Rc6 22. Re3 b5 23. b4 Qa4 24. Qe2 Qc2 25. Qxb5 Rxc3 26. Re2 Qd3
27. Qd7 Qa6 { Game drawn by mutual agreement } 1/2-1/2

[Event "ICC tourney 2482 (75 10)"]
[Site "Internet Chess Club"]
[Date "2021.03.28"]
[Round "5"]
[White "Poliannikov, Danila:dopolian"]
[Black "HEBDEN, MARK L:mhebden"]
[Result "0-1"]
[ICCResult "White resigns"]
[WhiteElo "2266"]
[BlackElo "2503"]
[Opening "Ruy Lopez: closed, anti-Marshall 8.a4"]
[ECO "C88"]
[NIC "RL.18"]
[Time "15:31:21"]
[PlyCount "118"]
[TimeControl "4500+10"]

1. e4 e5 2. Nf3 Nc6 3. Bb5 a6 4. Ba4 Nf6 5. O-O Be7 6. Re1 b5 7. Bb3 O-O 8.
a4 Bb7 9. d3 d6 10. c3 Na5 11. Bc2 c5 12. Nbd2 Re8 13. Nf1 h6 14. Ng3 Bf8
15. d4 Qc7 16. d5 c4 17. h3 Bc8 18. Nh2 Bd7 19. axb5 axb5 20. Be3 Reb8 21.
Qf3 Qd8 22. Ra2 Be7 23. Rea1 Nb7 24. Ba7 Rc8 25. Qd1 Qe8 26. Bb6 Rxa2 27.
Rxa2 Nc5 28. Qa1 Bd8 29. Bxc5 Rxc5 30. Ra8 Rc8 31. Rxc8 Bxc8 32. Qa8 Bb6
33. Bd1 Bd7 34. Qb7 Qd8 35. Ng4 Bc5 36. Bf3 Nxg4 37. Bxg4 Be8 38. Qc8 Qxc8
39. Bxc8 g6 40. Kf1 Kf8 41. Ke2 Ke7 42. h4 h5 43. Nf1 Kd8 44. Bh3 Kc7 45.
f3 Kb6 46. g4 Ka5 47. gxh5 gxh5 48. Ng3 Ka4 49. Nxh5 Kb3 50. Ng3 Kxb2 51.
h5 b4 52. h6 bxc3 53. Ke1 c2 54. Ne2 c3 55. h7 Bb5 56. h8=Q Bxe2 57. Qb8+
Ka2 58. Qa8+ Ba3 59. Kxe2 c1=Q { White resigns } 0-1

[Event "ICC tourney 2482 (75 10)"]
[Site "Internet Chess Club"]
[Date "2021.03.28"]
[Round "5"]
[White "HU, MERRIC:edmehu"]
[Black "WANG, RYAN R:ryanwang"]
[Result "0-1"]
[ICCResult "White checkmated"]
[WhiteElo "2227"]
[BlackElo "1916"]
[Opening "Sicilian defense"]
[ECO "B20"]
[NIC "SI.48"]
[Time "15:31:29"]
[PlyCount "110"]
[TimeControl "4500+10"]

1. e4 c5 2. b3 Nc6 3. Bb2 d6 4. Bb5 Nf6 5. Qe2 e5 6. f4 Qc7 7. Nf3 Bg4 8.
fxe5 Bxf3 9. Qxf3 dxe5 10. d3 Bd6 11. Nc3 a6 12. Bxc6+ Qxc6 13. a4 Qd7 14.
h3 Qe7 15. g4 h6 16. h4 O-O-O 17. O-O-O Ne8 18. Nd5 Qe6 19. Rdf1 f6 20. Qf5
Nc7 21. Nb6+ Kb8 22. Bc3 Qxf5 23. gxf5 Na8 24. Nd5 Nc7 25. Ba5 Rd7 26.
Bxc7+ Bxc7 27. Rhg1 Rhd8 28. Rg2 Bd6 29. Rfg1 Bf8 30. Kb2 Ka7 31. a5 Kb8
32. Kc3 Ka7 33. Kd2 Kb8 34. Ke2 Rf7 35. Kf3 Rdd7 36. Kg4 Ka7 37. Kh5 Kb8
38. Kg6 Ka7 39. h5 Kb8 40. Kh7 Ka7 41. Kg8 Kb8 42. Rg3 Ka7 43. Nb6 Rc7 44.
Nc4 Kb8 45. Ne3 Rcd7 46. Nd5 Ka7 47. c3 Kb8 48. R3g2 Ka7 49. Rd1 Kb8 50.
Nb6 Rc7 51. Rgd2 Bd6 52. Nd5 Rcd7 53. d4 g5 54. Ne7 Rfxe7 55. dxe5 Re8# {
White checkmated } 0-1

[Event "ICC tourney 2482 (75 10)"]
[Site "Internet Chess Club"]
[Date "2021.03.28"]
[Round "5"]
[White "SRIPADA, HAVISH:brilliantnessme"]
[Black "WISNIOWSKI, NATALIE:canary2016"]
[Result "1/2-1/2"]
[ICCResult "Game drawn because neither player has mating material"]
[WhiteElo "2036"]
[BlackElo "1956"]
[Opening "Caro-Kann: advance variation"]
[ECO "B12"]
[NIC "CK.04"]
[Time "15:31:21"]
[PlyCount "166"]
[TimeControl "4500+10"]

1. e4 c6 2. d4 d5 3. e5 Bf5 4. Nf3 e6 5. Be2 Nd7 6. O-O Ne7 7. b3 h6 8.
Nbd2 Bh7 9. c4 Ng6 10. g3 Be7 11. Bb2 O-O 12. Ne1 c5 13. f4 cxd4 14. Bxd4
Bc5 15. Ndf3 Qb6 16. cxd5 exd5 17. Bxc5 Nxc5 18. Qd4 Ne7 19. b4 Na4 20.
Qxb6 Nxb6 21. Nd4 Nf5 22. Nec2 Rac8 23. Nxf5 Bxf5 24. Nd4 Be4 25. Rac1 Na4
26. Nb5 a6 27. Nd6 Rc3 28. Nxb7 Ra3 29. Rf2 Rxa2 30. Bxa6 Ra3 31. Bf1 Rb8
32. Nd6 Nc3 33. Nxe4 Nxe4 34. Rb2 Nc3 35. b5 d4 36. b6 Kf8 37. b7 Ke7 38.
Rb4 g6 39. Rxd4 Rxb7 40. Rc4 Nd5 41. Bg2 Rd7 42. Rd4 Nc3 43. Rxd7+ Kxd7 44.
Bf3 Ke7 45. Kg2 f6 46. Re1 fxe5 47. Rxe5+ Kf6 48. Rc5 Rb3 49. Rc6+ Kg7 50.
h4 Ra3 51. h5 gxh5 52. Bxh5 Ne4 53. Rg6+ Kh7 54. f5 Ng5 55. Rc6 Ra2+ 56.
Kf1 Ra7 57. f6 Rd7 58. Bg4 Rf7 59. Bf5+ Kg8 60. Bg6 Rf8 61. Ke2 Nh7 62. f7+
Kg7 63. Bd3 Nf6 64. Bc4 Nh7 65. Ke3 Ng5 66. Bd3 Nxf7 67. Rg6+ Kh8 68. Kf4
Kh7 69. Bf5 Kh8 70. g4 Kh7 71. Kg3 Kh8 72. Kh4 Kh7 73. Ra6+ Kg7 74. Kh5 Re8
75. Rg6+ Kf8 76. Be6 Ne5 77. Rxh6 Kg7 78. Bf5 Rh8 79. Rxh8 Kxh8 80. g5 Kg7
81. Be6 Nf3 82. g6 Ne5 83. Bf5 Nxg6 { Game drawn because neither player has
mating material } 1/2-1/2

[Event "ICC tourney 2482 (75 10)"]
[Site "Internet Chess Club"]
[Date "2021.03.28"]
[Round "5"]
[White "IVANOV, ALEXANDER:marble"]
[Black "Dragun, Kamil:Dragso95"]
[Result "0-1"]
[ICCResult "White resigns"]
[WhiteElo "2506"]
[BlackElo "2607"]
[Opening "Sicilian: Najdorf, Zagreb (fianchetto) variation"]
[ECO "B91"]
[NIC "SI.14"]
[Time "15:31:22"]
[PlyCount "70"]
[TimeControl "4500+10"]

1. e4 c5 2. Nf3 d6 3. d4 cxd4 4. Nxd4 Nf6 5. Nc3 a6 6. g3 e5 7. Nde2 Be7 8.
Bg2 b5 9. a4 b4 10. Nd5 Nxd5 11. Qxd5 Ra7 12. Be3 Be6 13. Qd3 Ra8 14. f4
O-O 15. f5 Bd7 16. c3 a5 17. cxb4 axb4 18. b3 Na6 19. Rd1 Qa5 20. Rd2 Nc5
21. Qb1 Qb6 22. Nc1 Qb7 23. O-O Bc6 24. Bxc5 dxc5 25. Nd3 Rfd8 26. Re2 Qa6
27. Rd1 c4 28. Nxe5 c3 29. Rde1 Rac8 30. Qc2 Qb6+ 31. Kh1 Bxa4 32. Ng4 Bb5
33. Rf2 Bg5 34. Bf1 Bd2 35. Ra1 h5 { White resigns } 0-1

[Event "ICC tourney 2482 (75 10)"]
[Site "Internet Chess Club"]
[Date "2021.03.28"]
[Round "5"]
[White "ZHANG, ROGER:RogerZ"]
[Black "ZENG, SHEENA:shianen"]
[Result "1/2-1/2"]
[ICCResult "Game drawn by repetition"]
[WhiteElo "1957"]
[BlackElo "2197"]
[Opening "French: Steinitz variation"]
[ECO "C11"]
[NIC "FR.04"]
[Time "15:31:18"]
[PlyCount "76"]
[TimeControl "4500+10"]

1. e4 e6 2. d4 d5 3. Nc3 Nf6 4. e5 Nfd7 5. f4 c5 6. Nf3 Be7 7. Be3 b6 8.
Qd2 O-O 9. Be2 Ba6 10. Bxa6 Nxa6 11. f5 exf5 12. Nxd5 Nc7 13. Nxe7+ Qxe7
14. O-O-O cxd4 15. Qxd4 Nc5 16. Qf4 Qe6 17. Bxc5 bxc5 18. Kb1 Rab8 19. Rd6
Qc8 20. Ka1 Rb4 21. Qd2 Ne6 22. c3 Re4 23. Rd1 Qb8 24. Re1 Qb5 25. Qd3 Qxd3
26. Rxd3 Nf4 27. Rd2 Re8 28. g3 Ng6 29. Rde2 Rd8 30. a3 Rxe2 31. Rxe2 h6
32. Ka2 Rd3 33. Nd2 f4 34. gxf4 Nxf4 35. Rf2 Nh3 36. Re2 Nf4 37. Rf2 Nh3
38. Re2 Nf4 { Game drawn by repetition } 1/2-1/2

[Event "ICC tourney 2482 (75 10)"]
[Site "Internet Chess Club"]
[Date "2021.03.28"]
[Round "5"]
[White "HU, ALEXANDER C:ahu1015"]
[Black "LUO, TERRY:Terry1234"]
[Result "1/2-1/2"]
[ICCResult "Game drawn by mutual agreement"]
[WhiteElo "2015"]
[BlackElo "2277"]
[Opening "Sicilian: Richter-Rauzer, Rauzer attack, 7...a6 defense, 9...Be7"]
[ECO "B68"]
[NIC "SI.30"]
[Time "15:31:31"]
[PlyCount "89"]
[TimeControl "4500+10"]

1. e4 c5 2. Nf3 d6 3. d4 cxd4 4. Nxd4 Nf6 5. Nc3 Nc6 6. Bg5 e6 7. Qd2 a6 8.
O-O-O Bd7 9. f4 Be7 10. Nf3 b5 11. e5 b4 12. exf6 bxc3 13. Qxc3 gxf6 14.
Bh4 a5 15. a3 Rc8 16. Qd3 Qb6 17. Nd2 Qd4 18. Ne4 Qxd3 19. Rxd3 f5 20.
Nxd6+ Bxd6 21. Rxd6 Ne7 22. Ba6 Rc6 23. Bxe7 Kxe7 24. Rxd7+ Kxd7 25. Bb5
Kc7 26. Bxc6 Kxc6 27. Rd1 Rg8 28. g3 f6 29. Re1 Kd5 30. c4+ Kd6 31. b3 e5
32. Rf1 Ke6 33. Kc2 h5 34. b4 axb4 35. axb4 h4 36. Rf3 e4 37. Ra3 h3 38.
Ra6+ Ke7 39. Ra7+ Ke6 40. Ra6+ Ke7 41. Ra5 Rd8 42. Rxf5 Rd4 43. Rd5 Rxc4+
44. Kd2 Rxb4 45. Ke3 { Game drawn by mutual agreement } 1/2-1/2

[Event "ICC tourney 2482 (75 10)"]
[Site "Internet Chess Club"]
[Date "2021.03.28"]
[Round "5"]
[White "FENG, YANZHE:yanzhe"]
[Black "TANG, AUSTIN:Mrpeetapizza"]
[Result "1-0"]
[ICCResult "Black resigns"]
[WhiteElo "1902"]
[BlackElo "1874"]
[Opening "Grünfeld: exchange variation"]
[ECO "D85"]
[NIC "GI.04"]
[Time "15:31:23"]
[PlyCount "101"]
[TimeControl "4500+10"]

1. d4 Nf6 2. c4 g6 3. Nc3 d5 4. cxd5 Nxd5 5. e4 Nxc3 6. bxc3 Bg7 7. Bb5+
Bd7 8. Be2 O-O 9. Nf3 c5 10. O-O Nc6 11. Rb1 Qc7 12. d5 Ne5 13. c4 Nxf3+
14. Bxf3 a6 15. Be2 Rfb8 16. Bg5 Be8 17. Qd2 b5 18. Be3 b4 19. f4 a5 20. e5
Bd7 21. Bf3 Ra6 22. Qf2 Rc8 23. Rfd1 Bf5 24. Rb2 h5 25. Rbd2 Bf8 26. h3 a4
27. g4 hxg4 28. hxg4 Bd7 29. Qh4 b3 30. Rh2 Bg7 31. Kg2 g5 32. Qh7+ Kf8 33.
Rdh1 bxa2 34. Be4 f5 35. gxf5 Bxe5 36. fxe5 Qxe5 37. Qh8+ Qxh8 38. Rxh8+
Kf7 39. Rxc8 Bxc8 40. Ra1 Kf6 41. Bxc5 Ke5 42. Bc2 Bxf5 43. Bxf5 Kxf5 44.
Bxe7 Ra7 45. d6 Ke4 46. Rxa2 Kd4 47. Rd2+ Kxc4 48. d7 Rxd7 49. Rxd7 Kb3 50.
Ra7 g4 51. Kg3 { Black resigns } 1-0

[Event "ICC tourney 2482 (75 10)"]
[Site "Internet Chess Club"]
[Date "2021.03.28"]
[Round "5"]
[White "YERRA, SAI SNEHA:saisneha"]
[Black "TANG, ZOEY:WonderZ"]
[Result "0-1"]
[ICCResult "White forfeits on time"]
[WhiteElo "1901"]
[BlackElo "2048"]
[Opening "King's Indian: Sämisch variation"]
[ECO "E80"]
[NIC "KI.54"]
[Time "15:31:24"]
[PlyCount "96"]
[TimeControl "4500+10"]

1. d4 Nf6 2. c4 g6 3. Nc3 Bg7 4. e4 d6 5. f3 c6 6. Be3 a6 7. Qd2 b5 8. Bd3
bxc4 9. Bxc4 Nbd7 10. Nge2 O-O 11. O-O Rb8 12. b3 Qc7 13. Rac1 Qb7 14. Na4
Qa8 15. Bd3 a5 16. Rc2 Ba6 17. Rfc1 Rfc8 18. Nf4 Bb5 19. Nb2 Qa6 20. Nc4 a4
21. bxa4 Qxa4 22. Na5 c5 23. dxc5 dxc5 24. Bxc5 Rxc5 25. Rxc5 Nxc5 26. Rxc5
Qd4+ 27. Qf2 Nxe4 28. fxe4 Qa1+ 29. Qf1 Bd4+ 30. Kh1 Qxf1+ 31. Bxf1 Bxc5
32. Bxb5 Rxb5 33. Nb3 Ba7 34. g3 Rb4 35. e5 Ra4 36. Nd5 Rxa2 37. Nxe7+ Kg7
38. Nc6 Bb6 39. Nbd4 Bxd4 40. Nxd4 Kf8 41. Nf3 Ke7 42. Kg1 h6 43. Kf1 Ke6
44. g4 Kd5 45. Kg1 Ke4 46. Ne1 Kxe5 47. Nd3+ Ke4 48. Nc5+ Kf3 { White
forfeits on time } 0-1

[Event "ICC tourney 2482 (75 10)"]
[Site "Internet Chess Club"]
[Date "2021.03.28"]
[Round "5"]
[White "HO, COOPER:arsenicblast"]
[Black "GAO, MATTHEW IAN:xcelswimmer"]
[Result "0-1"]
[ICCResult "White resigns"]
[WhiteElo "1975"]
[BlackElo "1916"]
[Opening "French: Winawer, advance variation"]
[ECO "C18"]
[NIC "FR.11"]
[Time "15:31:22"]
[PlyCount "132"]
[TimeControl "4500+10"]

1. e4 e6 2. d4 d5 3. Nc3 Bb4 4. e5 c5 5. a3 Bxc3+ 6. bxc3 Nc6 7. Qg4 g6 8.
Nf3 Qa5 9. Bd2 c4 10. h4 h6 11. h5 g5 12. Nxg5 hxg5 13. Qxg5 Nge7 14. Qg7
Rg8 15. Qf6 Bd7 16. h6 O-O-O 17. h7 Rh8 18. Qxf7 Rdf8 19. Qg7 Nf5 20. Qg6
Nce7 21. Qh5 Be8 22. Qg5 Ng6 23. g4 Nfh4 24. Rxh4 Nxh4 25. Qxh4 Qa4 26. Ra2
Bg6 27. Qe7 Qd7 28. Qxd7+ Kxd7 29. Bg2 Rxh7 30. f3 Rh2 31. Kf2 Be4 32. Kg3
Rxg2+ 33. Kxg2 Rxf3 34. Kg1 Rg3+ 35. Kf1 Rxg4 36. Be3 Kc6 37. Bf2 b6 38.
Ke2 Rf4 39. Be3 Rh4 40. Rb2 Rh1 41. Ra2 Kb5 42. Bf2 Rb1 43. Kd2 Ka4 44. Be3
Rh1 45. Ke2 Rh2+ 46. Bf2 Rh3 47. Be3 Bf3+ 48. Kd2 Rh2+ 49. Kc1 Rh1+ 50. Kb2
Be4 51. Bc1 Rh2 52. Kb1 Rxc2 53. Rxc2 Kb3 54. Ka1 Bxc2 55. Bd2 Kxa3 56. Be1
b5 57. Bh4 Kb3 58. Be1 Bf5 59. Bd2 a5 60. Be1 b4 61. Bd2 bxc3 62. Bc1 Kc2
63. Ba3 Kd1 64. Ka2 c2 65. Bb2 c1=Q 66. Bxc1 Kxc1 { White resigns } 0-1

[Event "ICC tourney 2482 (75 10)"]
[Site "Internet Chess Club"]
[Date "2021.03.28"]
[Round "5"]
[White "MYSORE, ABHINAV NAVEEN:Mapking1"]
[Black "SRINIAIYER, SUDARSHAN:Ambuli123"]
[Result "1/2-1/2"]
[ICCResult "Game drawn by repetition"]
[WhiteElo "1979"]
[BlackElo "2170"]
[Opening "Sicilian: Taimanov (Bastrikov) variation"]
[ECO "B47"]
[NIC "SI.40"]
[Time "15:31:39"]
[PlyCount "98"]
[TimeControl "4500+10"]

1. e4 c5 2. Nf3 e6 3. d4 cxd4 4. Nxd4 Nc6 5. Nc3 Qc7 6. Nxc6 bxc6 7. Bd3 d5
8. O-O Nf6 9. b3 Be7 10. Bb2 O-O 11. f4 c5 12. e5 Nd7 13. Qh5 g6 14. Qh6
Bb7 15. f5 exf5 16. Rf3 Rfd8 17. Nb5 Qb6 18. Rh3 Nf8 19. e6 d4 20. exf7+
Kxf7 21. Rf1 Bf6 22. Bc1 Bg7 23. Qh4 Kg8 24. Bg5 Rd7 25. Re1 Bd5 26. Re7
Rxe7 27. Bxe7 h6 28. Rg3 Be6 29. Bf6 Re8 30. Bxg7 Kxg7 31. Qf4 Qb8 32. Nd6
Rd8 33. Nxf5+ Bxf5 34. Qxb8 Rxb8 35. Bxf5 Re8 36. Kf2 Re5 37. Bd3 g5 38. h4
Ne6 39. hxg5 Nxg5 40. a4 a5 41. c3 dxc3 42. Bc2 Kf6 43. Rxc3 Ne6 44. Bd3
Nd4 45. Bc4 Rf5+ 46. Kg3 Rg5+ 47. Kf2 Rf5+ 48. Kg3 Re5 49. Kf2 Rf5+ { Game
drawn by repetition } 1/2-1/2

[Event "ICC tourney 2482 (75 10)"]
[Site "Internet Chess Club"]
[Date "2021.03.28"]
[Round "5"]
[White "Vittal, Sanjana:MCTS13"]
[Black "LEE, ALICE TERESA:binomialfactor"]
[Result "1-0"]
[ICCResult "Black resigns"]
[WhiteElo "2196"]
[BlackElo "2200"]
[Opening "Caro-Kann: two knights variation"]
[ECO "B11"]
[NIC "CK.01"]
[Time "15:31:28"]
[PlyCount "149"]
[TimeControl "4500+10"]

1. e4 c6 2. Nc3 d5 3. Nf3 dxe4 4. Nxe4 Nf6 5. Qe2 Nxe4 6. Qxe4 Qd5 7. Qh4
Bf5 8. Bc4 Qc5 9. d3 e6 10. O-O Be7 11. Qg3 O-O 12. Be3 Qa5 13. Bd4 Bg6 14.
Ne5 Bd6 15. Rae1 Qc7 16. Qg4 Bf5 17. Qf3 b5 18. g4 Bg6 19. Bb3 Rd8 20. Nxg6
hxg6 21. Rxe6 Bxh2+ 22. Kg2 Qf4 23. Qxf4 Bxf4 24. Re4 g5 25. Rfe1 Na6 26.
Bc3 Bd6 27. Bd2 Nc5 28. Bxg5 Nxe4 29. Bxd8 Rxd8 30. Rxe4 Kf8 31. Re3 Rd7
32. Rh3 Ke7 33. c3 Bf4 34. Rf3 g5 35. d4 Rd6 36. Bc2 Rh6 37. b3 Rh2+ 38.
Kg1 Rh6 39. c4 Re6 40. Kf1 Bd2 41. Rd3 Re1+ 42. Kg2 Bf4 43. Bd1 b4 44. Bf3
Kd7 45. Bd1 a5 46. c5 Kc7 47. d5 cxd5 48. Rxd5 Re5 49. Bf3 Rxd5 50. Bxd5 f6
51. Kf3 Be5 52. Ke4 Bc3 53. Kd3 Be5 54. Kc4 Kb8 55. Kb5 Bc7 56. Kc6 Be5 57.
Kd7 Bd4 58. Kc6 Be5 59. f3 Bf4 60. Kd7 Be5 61. Ke6 Kc7 62. Be4 Bd4 63. Kd5
Be5 64. Kc4 Kb8 65. Kb5 Bc7 66. f4 gxf4 67. Kc6 Be5 68. Kd5 Kc7 69. g5 Bc3
70. g6 f5 71. Bf3 Kd7 72. c6+ Ke7 73. Kc5 Be5 74. Kb6 Kd8 75. Kb7 { Black
resigns } 1-0

[Event "ICC tourney 2482 (75 10)"]
[Site "Internet Chess Club"]
[Date "2021.03.28"]
[Round "6"]
[White "KRISHNAKUMAR, SRIRAM:sriramk"]
[Black "OTAWA, YUTO:hidedozyo"]
[Result "1/2-1/2"]
[ICCResult "Game drawn by mutual agreement"]
[WhiteElo "2165"]
[BlackElo "2327"]
[Opening "Scotch: Mieses variation"]
[ECO "C45"]
[NIC "SO.04"]
[Time "19:01:59"]
[PlyCount "35"]
[TimeControl "4500+10"]

1. e4 e5 2. Nf3 Nc6 3. d4 exd4 4. Nxd4 Nf6 5. Nxc6 bxc6 6. e5 Qe7 7. Qe2
Nd5 8. h4 Qe6 9. c4 Nb6 10. b3 Bb7 11. Bb2 O-O-O 12. Nd2 Re8 13. O-O-O Kb8
14. g3 c5 15. Bh3 f5 16. Rhe1 g6 17. f4 Bg7 18. Bg2 { Game drawn by mutual
agreement } 1/2-1/2